 Dungeon Crawl Stone Soup version 0.27-a0-836-gfc908b8576 (webtiles) character file.

Game seed: 4096257101148685504

60 Alarkh the Insei (level 3, -1/29 HPs)
             Began as a Demonspawn Monk on Apr 1, 2021.
             Slain by Terence
             ... wielding a +0 mace
              (7 damage)
             ... on level 3 of the Dungeon.
             The game lasted 00:01:43 (1815 turns).

Alarkh the Insei (Demonspawn Monk)                  Turns: 1815, Time: 00:01:43

Health: -1/29      AC:  2    Str: 11    XL:     3   Next: 80%
Magic:  0/3        EV: 12    Int: 12    God:
Gold:   70         SH:  0    Dex: 15    Spells: 2/2 levels left

rFire    . . .     SeeInvis .     - Unarmed
rCold    . . .     Faith    .   (no shield)
rNeg     . . .     Spirit   +   a - +0 robe
rPois    .         Reflect  .   (no helmet)
rElec    .         Harm     .   (no cloak)
rCorr    .         Rampage  .   (no gloves)
Will     .....                  (no boots)
Stlth    ++........             b - amulet of guardian spirit
HPRegen  0.09/turn              (no ring)
MPRegen  0.08/turn              (no ring)

@: flying, hasted, very quick
A: powered by death 1
a: no special abilities


You were on level 3 of the Dungeon.
You visited 1 branch of the dungeon, and saw 3 of its levels.

You collected 70 gold pieces.

Inventory:

Armour
 a - a +0 robe (worn)
Jewellery
 b - an amulet of guardian spirit (around neck)
 h - a +6 ring of intelligence
Scrolls
 e - a scroll of silence {unknown}
 i - a scroll of enchant armour {unknown}
Potions
 f - a potion of haste


   Skills:
 + Level 3.6 Fighting
 - Level 2.6 Dodging
 - Level 1.7 Stealth
 * Level 3.9 Unarmed Combat


You had 2 spell levels left.
You didn't know any spells.
Your spell library was empty.

Dungeon Overview and Level Annotations

Branches:
Dungeon (3/15)

Altars:

Annotations:
D:3 Terence


Innate Abilities, Weirdness & Mutations

You regenerate a little health from kills.


Message History

You hit Terence but do no damage.
Terence is almost dead.
Terence hits you with a +0 mace.
You hit Terence but do no damage. Your punch misses Terence.
Terence is almost dead.
You barely miss Terence.
Terence is almost dead.
Terence hits you with a +0 mace.
You are too injured to fight recklessly!
It was a potion of flight.
You feel very buoyant.
You fly up into the air.
It was a potion of curing.
You feel better.
You completely miss Terence. You punch Terence, but do no damage.
Terence is severely wounded.
Terence misses you.
You barely miss Terence.
Terence is severely wounded.
You hit Terence but do no damage.
Terence is severely wounded.
Terence closely misses you.
You completely miss Terence.
Terence is severely wounded.
Terence hits you with a +0 mace.
You hit Terence.
Terence is severely wounded.
You hit Terence.
Terence is almost dead.
Terence hits you with a +0 mace!
You are too injured to fight recklessly!
You hit Terence but do no damage.
Terence is almost dead.
Terence hits you with a +0 mace!
* * * LOW HITPOINT WARNING * * *
You closely miss Terence.
Terence is almost dead.
You barely miss Terence. You punch Terence, but do no damage.
Terence is almost dead.
Terence hits you with a +0 mace!
You die...

#.### #...#
###.# #.# #.#
#.# #S# #@# #@#
#.#########
#.[.......#
#########.# #.#
#.# #.# #.#
.############.#


You could see Terence and a ball python.

Vanquished Creatures
  An adder (D:2)
  2 worms (D:2)
  7 ball pythons
  3 endoplasms
  2 goblins
  2 hobgoblins
  4 jackals (D:1)
  5 quokkas (D:1)
  2 bats
  9 frilled lizards
  2 kobolds
  7 rats
46 creatures vanquished.

Vanquished Creatures (others)
  A plant (D:1)
1 creature vanquished.

Grand Total: 47 creatures vanquished

Notes
Turn   | Place    | Note
-------+----------+-------------------------------------------
     0 | D:1      | Alarkh the Demonspawn Monk began the quest for the Orb.
     0 | D:1      | Reached XP level 1. HP: 18/18 MP: 1/1
   240 | D:1      | Gained mutation: You regenerate a little health from kills.
                  | [demonic ancestry]
   240 | D:1      | Reached XP level 2. HP: 19/24 MP: 2/2
   543 | D:1      | Reached XP level 3. HP: 27/29 MP: 3/3
   610 | D:1      | You fall into a shaft and drop 1 floor!
  1774 | D:3      | Noticed Terence
  1815 | D:3      | Slain by Terence

Illustrated notes

Levels and vault maps discovered:
D:1:      ncdulo_watergridlock, layout_basic, minmay_lizard_king
D:2:      layout_loops_cross
D:3:      layout_basic, uniq_terence

Skill      XL: |  1 |
---------------+----+-----
Unarmed Combat | 3 |  3.9
Fighting       | |  3.6
Dodging        | |  2.6
Stealth        | |  1.7

Action                   || total
-------------------------++-------
Melee: Unarmed           ||   197
       Punch             ||     3
  Use: Potion            ||     4
 Stab: Sleeping          ||     4
Armor: Robe              ||    13
Dodge: Dodged            ||   114

Table legend: (Time is in decaauts)
 A = Elapsed time spent in this place.
 B = Non-inter-level travel time spent in this place.
 C = Inter-level travel time spent in this place.
 D = Time resting spent in this place.
 E = Time spent auto-exploring this place.
 F = Levels seen in this place.
 G = Mean time per level.
                   A        B        C        D        E       F      G
               +--------+--------+--------+--------+--------+-----+--------+
         Total |   1791 |   1757 |     34 |      0 |   1437 |   3 |  597.0 |
       Dungeon |   1791 |   1757 |     34 |      0 |   1437 |   3 |  597.0 |
               +--------+--------+--------+--------+--------+-----+--------+

Top non-repeatable levels by time:
     D:1: 817 daAuts
     D:2: 806 daAuts
     D:3: 167 daAuts
